 Dungeon Crawl Stone Soup version 0.30.1-11-g7821555f0a (webtiles) character file.

Game seed: 11213406569926990569

413 fireball365 the Chopper (level 6, -8/53 HPs)
             Began as a Hill Orc Fighter on Oct 28, 2023.
             Was an Initiate of Gozag.
             Mangled by an ogre
             ... wielding a +0 giant club
              (18 damage)
             ... on level 5 of the Dungeon.
             The game lasted 00:09:17 (4429 turns).

fireball365 the Chopper (Hill Orc Fighter)          Turns: 4429, Time: 00:09:20

Health: -8/53      AC: 13    Str: 21    XL:     6   Next: 90%
Magic:  6/6        EV:  6    Int:  8    God:    Gozag
Gold:   277        SH:  4    Dex: 10    Spells: 5/5 levels left

rFire   . . .        a - +0 war axe
rCold   . . .        c - +0 buckler
rNeg    . . .        t - +0 plate armour
rPois   .            (no helmet)
rElec   .            k - +0 cloak
rCorr   .            (no gloves)
SInv    .            (no boots)
Will    .....        (no amulet) Stlth
                     (no ring)
HPRegen 0.28/turn    (no ring)
MPRegen 0.10/turn

%: no passive effects
@: gold aura
A: no striking features
a: Renounce Religion, Potion Petition, Call Merchant, Bribe Branch


You were on level 5 of the Dungeon.
You worshipped Gozag.
Gozag was aware of your devotion.
You visited 2 branches of the dungeon, and saw 6 of its levels.
You also visited: Sewer.

You collected 387 gold pieces.
You paid 110 gold pieces to Gozag.

Inventory:

Hand Weapons
 a - a +0 war axe (weapon)
Missiles
 r - 7 poisoned darts
 y - 4 curare-tipped darts
Armour
 c - a +0 buckler (worn)
 k - a +0 cloak (worn)
 t - a +0 plate armour (worn)
Jewellery
 A - a ring of wizardry
Wands
 m - a wand of flame (8)
 s - a wand of mindburst (8)
Scrolls
 e - 3 scrolls of blinking
 j - 2 scrolls of noise
 p - 2 scrolls of vulnerability
 u - a scroll of teleportation
 v - a scroll of immolation
 z - a scroll of acquirement {unknown}
 C - a scroll of enchant armour {unknown}
Potions
 d - 2 potions of might
 f - 2 potions of berserk rage {unknown}
 g - 2 potions of degeneration
 h - a potion of ambrosia
 i - a potion of heal wounds {unknown}
 l - a potion of curing
 n - a potion of magic {unknown}
 o - a potion of flight
 q - 2 potions of brilliance {unknown}
 x - a potion of haste {unknown}


   Skills:
 + Level 4.7 Fighting
 + Level 6.3 Axes
 + Level 5.1 Armour
 + Level 0.5 Dodging
 + Level 0.1 Stealth
 + Level 4.3 Shields


You had 5 spell levels left.
You didn't know any spells.
Your spell library contained the following spells:

 Spells                   Type           Power      Damage    Failure   Level
 Slow                     Hex            0%         N/A       100%        1
 Confusing Touch          Hex            0%         N/A       100%        3
 Frozen Ramparts          Ice            0%         1d1       100%        3
 Vampiric Draining        Necr           0%         2d6       100%        3
 Ice Form                 Ice/Tmut       0%         N/A       100%        4
 Summon Ice Beast         Ice/Summ       0%         N/A       100%        4
 Borgnjor's Vile Clutch   Necr/Erth      0%         N/A       100%        5
 Death Channel            Necr           0%         N/A       100%        6
 Animate Dead             Necr           Unusable   N/A       N/A         4

Dungeon Overview and Level Annotations

Branches:
Dungeon (5/15)             Temple (1/1) D:4           Sewer (visited)

Altars:
Dithmenos
Gozag
Kikubaaqudgha
Okawaru
Trog
Vehumet
Yredelemnul
Zin

Shops:
D:1 [

Annotations:
D:5 2 transporters, KittyFluff's ghost, novice GrBe


Message History

Found a potion of ambrosia.
The hornet buzzes angrily.
An ogre comes into view. It is wielding a +0 giant club.
The ogre shouts!
You hear an angry hiss.
A hound comes into view.
The hound barks!
The killer bee buzzes angrily.
You hear an angry buzzing noise.
An iguana comes into view.
You see here 19 gold pieces.
The ogre barely misses you. The hound closely misses you.
You see here 19 gold pieces.
You slash the ogre!
The ogre is moderately wounded.
You closely miss the hound. The hound bites you but does no damage.
The ogre hits you with a +0 giant club! The hound barely misses you.
You barely miss the ogre.
The ogre is moderately wounded.
You hit the hound. The hound bites you but does no damage.
The ogre hits you with a +0 giant club!!
The hound bites you but does no damage.
You barely miss the ogre.
The ogre is moderately wounded.
You hit the hound. The hound bites you but does no damage.
The ogre hits you with a +0 giant club!!
* * * LOW HITPOINT WARNING * * *
You hit the ogre.
The ogre is severely wounded.
You slash the hound!
You kill the hound!
The ogre is distracted by your dazzling golden aura.
You block the iguana's attack.
The ogre shouts!
Your Armour skill increases to level 5!
You feel better.
The ogre is no longer distracted by gold.
The killer bee is distracted by your dazzling golden aura.
The ogre hits you with a +0 giant club!!
You die...
Your body crumbles into a pile of gold.

##. #########..
#############.........#
................©......
...#####..#############
# #..### #.$©:=###
#.####.###.#.#..y#...#
#......##..#..###..#!.
####.@.# #.y.# #.. #
##Ol.# ###!. ### ##.###
y # #.# #.##y. ..#yy
..# #... ...# ... ###
.#### .#. ###### #.
...... ...###


You could see an ogre, an iguana and a killer bee (unaware).

Vanquished Creatures
  A bullfrog (Sewer)
  2 hounds
  An iguana (D:5)
  14 adders
  An ufetubus (D:4)
  3 worms
  A dart slug (D:1)
  An orc (D:4)
  5 bats
  9 endoplasms
  5 giant cockroaches
  15 goblins
  15 hobgoblins
  11 jackals
  5 kobolds
  7 quokkas
  8 ball pythons
  4 frilled lizards
  7 rats
115 creatures vanquished.

Notes
Turn   | Place    | Note
-------+----------+-------------------------------------------
     0 | D:1      | fireball365 the Hill Orc Fighter began the quest for the
                  | Orb.
     0 | D:1      | Reached XP level 1. HP: 19/19 MP: 1/1
   111 | D:1      | Found Teumpi's Antique Armour Emporium.
   186 | D:1      | Reached XP level 2. HP: 27/27 MP: 2/2
   277 | D:1      | Reached skill level 3 in Axes
   422 | D:1      | Reached XP level 3. HP: 22/33 MP: 3/3
  1385 | D:2      | Reached XP level 4. HP: 30/40 MP: 4/4
  1713 | D:2      | Reached skill level 4 in Axes
  1893 | D:3      | Found a shadowy altar of Dithmenos.
  2115 | D:3      | Found a glowing drain.
  2145 | Sewer    | Entered a sewer
  2163 | Sewer    | Reached XP level 5. HP: 33/47 MP: 5/5
  2547 | Sewer    | Reached skill level 5 in Axes
  2547 | Sewer    | Reached XP level 6. HP: 50/53 MP: 6/6
  3684 | D:4      | Found a staircase to the Ecumenical Temple.
  3810 | Temple   | Entered the Ecumenical Temple
  3861 | Temple   | Became a worshipper of Gozag Ym Sagoz the Greedy
  3953 | D:4      | Reached skill level 6 in Axes
  4094 | D:5      | Entered Level 5 of the Dungeon
  4353 | D:5      | Noticed a hornet
  4392 | D:5      | Found a transporter.
  4395 | D:5      | Found a transporter.
  4398 | D:5      | Noticed KittyFluff's ghost (novice GrBe)
  4427 | D:5      | HP: 1/53 [ogre/+0 giant club (18)]
  4429 | D:5      | Reached skill level 5 in Armour
  4429 | D:5      | Mangled by an ogre

Illustrated notes

Levels and vault maps discovered:
D:1:      nicolae_arrival_somewhat_less_tricky_arrival, layout_basic,
          serial_shops, shop, minmay_ruptured
D:2:      layout_loops_ring, serial_rivers, chequers_serial_rivers_small_a,
          chequers_serial_rivers_micro_d, chequers_serial_rivers_small_a,
          chequers_serial_rivers_micro_b
D:3:      cheibrodos_greedy_goblins, layout_loops_ring,
          nicolae_dithmenos_shadow_blocks, gup_sewer_entry_glass
D:4:      cheibrodos_helix_gallery, layout_loops_cross,
          minmay_temple_entry_overgrown
D:5:      layout_loops_ring, gammafunk_ghost_hive
Temple:   nicolae_temple_superstar

Skill      XL: |  1  2  3  4  5  6 |
---------------+-------------------+-----
Axes           | 3 4 5 6 |  6.3
Fighting       | 4 |  4.7
Armour         | 4 5 |  5.1
Shields        | 4 |  4.3
Dodging        | |  0.5
Stealth        | |  0.1

Action                     |  1- 3 |  4- 6 || total
---------------------------+-------+-------++-------
  Melee: War axe           |    89 |   306 ||   395
    Use: Scroll            |       |     8 ||     8
         Potion            |       |     1 ||     1
 Armour: Scale mail        |    67 |    98 ||   165
         Plate armour      |       |    67 ||    67
  Dodge: Dodged            |    48 |    98 ||   146
  Block: Buckler           |    17 |    65 ||    82
